 Dungeon Crawl Stone Soup version 0.30.1-9-gdf580d7c3d (webtiles) character file.

Game seed: 12531773125971611762

321 monsoonserge the Grasshopper (level 6, -1/46 HPs)
             Began as a Demonspawn Warper on Oct 24, 2023.
             Was an Initiate of Makhleb.
             Slain by an iguana (11 damage)
             ... in the Ecumenical Temple.
             The game lasted 00:08:00 (2683 turns).

monsoonserge the Grasshopper (Demonspawn Warper)    Turns: 2683, Time: 00:08:00

Health: -1/46      AC:  6    Str: 11    XL:     6   Next: 22%
Magic:  9/9        EV: 11    Int: 16    God:    Makhleb [......]
Gold:   201        SH:  0    Dex: 13    Spells: 7/9 levels left

rFire   + . .        a - +0 falchion
rCold   . . .        (no shield)
rNeg    . . .        e - +0 ring mail
rPois   .            (no helmet)
rElec   .            (no cloak)
rCorr   .            r - +0 pair of gloves
SInv    .            (no boots)
Will    .....        o - amulet of the acrobat
Stlth   +            v - ring of protection from fire
HPRegen 0.27/turn    (no ring)
MPRegen 0.22/turn

%: acrobat
@: no status effects
A: powered by death 2, magic regeneration
a: Renounce Religion


You were in the Ecumenical Temple.
You worshipped Makhleb.
Makhleb was noncommittal.
You visited 2 branches of the dungeon, and saw 6 of its levels.

You collected 201 gold pieces.

Inventory:

Hand Weapons
 a - a +0 falchion (weapon)
 g - a +0 dagger
 m - a +0 short sword
Missiles
 d - 8 poisoned darts (quivered)
 y - 5 boomerangs of dispersal
Armour
 b - a +0 leather armour
 e - a +0 ring mail (worn)
 r - a +0 pair of gloves (worn)
Jewellery
 l - an amulet of magic regeneration
 o - an amulet of the acrobat (around neck)
 v - a ring of protection from fire (left hand)
Wands
 t - a wand of flame (18)
Scrolls
 c - a scroll of blinking
 h - a scroll of poison {unknown}
 i - a scroll of teleportation {unknown}
 n - 2 scrolls of magic mapping {unknown}
 s - a scroll of identify {unknown}
 w - a scroll of butterflies {unknown}
Potions
 f - 2 potions of magic
 j - a potion of heal wounds
 k - a potion of ambrosia {unknown}
 p - a potion of cancellation {unknown}
 u - a potion of invisibility {unknown}
 x - a potion of might {unknown}
 z - 2 potions of brilliance {unknown}


   Skills:
 + Level 2.6 Fighting
 + Level 3.2 Long Blades
 + Level 0.8 Throwing
 * Level 3.1 Armour
 + Level 2.6 Dodging
 - Level 2.0 Spellcasting
 * Level 4.0 Translocations


You had 7 spell levels left.
You knew the following spells:

 Your Spells              Type           Power      Damage    Failure   Level
a - Blink                 Tloc           28%        N/A       14%         2

Your spell library contained the following spells:

 Spells                   Type           Power      Damage    Failure   Level
 Lesser Beckoning         Tloc           28%        N/A       14%         2
 Teleport Other           Tloc           14%        N/A       26%         3
 Summon Small Mammal      Summ           4%         N/A       43%         1
 Portal Projectile        Hex/Tloc       16%        N/A       52%         3
 Vhi's Electric Charge    Tloc/Air       16%        N/A       52%         3
 Manifold Assault         Tloc           14%        N/A       65%         4
 Call Canine Familiar     Summ           1%         N/A       80%         3
 Inner Flame              Hex/Fire       1%         N/A       80%         3
 Summon Guardian Golem    Hex/Summ       1%         N/A       80%         3
 Tukima's Dance           Hex            1%         N/A       80%         3
 Flame Wave               Conj/Fire      1%         2d4       99%         4
 Sticky Flame             Conj/Fire      1%         2d3       99%         4
 Blade Hands              Tmut           0%         N/A       100%        5


Dungeon Overview and Level Annotations

Branches:
Dungeon (6/15)             Temple (1/1) D:6

Altars:
Ashenzari
Cheibriados
Dithmenos
Fedhas
Gozag
Makhleb
Nemelex Xobeh
Okawaru
Qazlal
Ru
Trog
Vehumet
Wu Jian
Xom
Yredelemnul

Shops:
D:2 :


Innate Abilities, Weirdness & Mutations

You regenerate health from kills.
You regenerate magic rapidly.


Message History

You closely miss the iguana.
The iguana is heavily wounded.
The iguana barely misses you.
You completely miss the iguana.
The iguana is heavily wounded.
The iguana misses you.
You completely miss the iguana.
The iguana is heavily wounded.
The iguana closely misses you. x2
You barely miss the iguana.
The iguana is heavily wounded.
The iguana barely misses you.
You barely miss the iguana.
The iguana is heavily wounded.
The iguana completely misses you.
You hit the iguana but do no damage.
The iguana is heavily wounded.
The iguana bites you but does no damage.
You barely miss the iguana.
The iguana is heavily wounded.
The iguana barely misses you.
You hit the iguana.
The iguana is heavily wounded.
The iguana closely misses you.
You closely miss the iguana.
The iguana is heavily wounded.
The iguana barely misses you.
You hit the iguana but do no damage.
The iguana is heavily wounded.
The iguana bites you.
You hit the iguana.
The iguana is severely wounded.
The iguana bites you.
* * * LOW HITPOINT WARNING * * *
The iguana bites you.
* * * LOW HITPOINT WARNING * * *
You barely miss the iguana.
The iguana is severely wounded.
The iguana bites you!
You die...

##.#.<.#_##
##..#...#..##
###...#...#...###
##.....#...#.....##
#....._#...#_.....#
#......#...#......#
#..._..#...#..._..#
#.....©#©.©#©.....#
#_.....#8@8#....._#
#.....©#©l©#©.....#
#......#...#......#
#..._..#...#..._..#
#......#...#......#
##_..._#...#...._##
###...#...#...###
##..#...#..##
##_#...#_##


You could see an iguana.

Vanquished Creatures
  A kobold brigand (Temple)
  A hound (D:3)
  An orc priest (D:2)
  A sleepcap (Temple)
  An orc wizard (D:3)
  3 adders (D:2)
  4 gnolls (D:3)
  7 orcs
  3 bats
  6 endoplasms
  2 giant cockroaches (D:1)
  5 goblins
  6 hobgoblins
  7 jackals (D:3)
  2 quokkas
  4 ball pythons
  4 frilled lizards (D:1)
  10 kobolds
  5 rats
73 creatures vanquished.

Notes
Turn   | Place    | Note
-------+----------+-------------------------------------------
     0 | D:1      | monsoonserge the Demonspawn Warper began the quest for the
                  | Orb.
     0 | D:1      | Reached XP level 1. HP: 16/16 MP: 3/3
   115 | D:1      | Reached skill level 1 in Armour
   168 | D:1      | Reached skill level 3 in Translocations
   168 | D:1      | Gained mutation: You regenerate a little health from kills.
                  | [demonic ancestry]
   168 | D:1      | Reached XP level 2. HP: 22/22 MP: 5/5
   811 | D:2      | Learned a level 2 spell: Blink
   851 | D:2      | Reached XP level 3. HP: 26/27 MP: 6/6
   952 | D:2      | Found Lynkacai's Vocational Training.
  1005 | D:2      | Gained mutation: You regenerate health from kills. [demonic
                  | ancestry]
  1005 | D:2      | Reached XP level 4. HP: 24/33 MP: 7/7
  1733 | D:3      | Gained mutation: You regenerate magic rapidly. [demonic
                  | ancestry]
  1733 | D:3      | Reached XP level 5. HP: 25/39 MP: 8/8
  2316 | D:4      | Found a sacrificial altar of Ru.
  2359 | D:4      | You fall into a shaft and drop 2 floors!
  2359 | D:6      | Found a staircase to the Ecumenical Temple.
  2372 | Temple   | Entered the Ecumenical Temple
  2372 | Temple   | Found a transporter.
  2372 | Temple   | Found a transporter.
  2374 | Temple   | Found a transporter.
  2374 | Temple   | Found a transporter.
  2466 | Temple   | HP: 1/39 [kobold brigand/+0 whip (8)]
  2469 | Temple   | Reached skill level 4 in Translocations
  2469 | Temple   | Reached XP level 6. HP: 3/46 MP: 6/9
  2626 | Temple   | Became a worshipper of Makhleb the Destroyer
  2683 | Temple   | Slain by an iguana

Illustrated notes

Levels and vault maps discovered:
D:1:      wander_arrival_estate, layout_loops_ring,
          minmay_misc_feat_four_crosses, st_stairs_2, corexii_hall_statues_u,
          dk_noncrumbling_3
D:2:      layout_basic, nicolae_shop_vocational
D:3:      layout_loops_ring
D:4:      layout_basic, led_sif_book, chequers_temple_overflow_statue_of_worship
D:6:      layout_loops_ring, tgw_kikubaaqudgha, minmay_temple_entry_grid,
          uniq_duvessa
Temple:   hellmonk_temple_divided_pantheon

Skill      XL: |  1  2  3  4  5 |
---------------+----------------+-----
Armour         | 1 2 3 |  3.1
Dodging        | 2 |  2.6
Translocations | 3 4 |  4.0
Long Blades    | 2 3 |  3.2
Fighting       | |  2.6
Throwing       | |  0.8
Spellcasting   | |  2.0

Action                     |  1- 3 |  4- 6 || total
---------------------------+-------+-------++-------
  Melee: Falchion          |   134 |   240 ||   374
  Throw: Boomerang         |       |     6 ||     6
   Cast: Blink             |       |     4 ||     4
    Use: Potion            |       |     2 ||     2
 Armour: Ring mail         |    75 |    98 ||   173
  Dodge: Dodged            |    96 |   180 ||   276
